Cogmind - Beta 11.1 @@@ ROGUE MODE // 2022.10.28 @ 22:58:08 Player: Noxul Result: Self-destructed Performance ------------- Evolutions (3) 1500 Regions Visited (5) 1000 Robots Destroyed (47) 235 Value Destroyed (1412) 1412 Prototype IDs (3) 60 Alien Tech Used (0) 0 Bonus (210) 210 TOTAL SCORE: 4417 Bonus ------- Pacifist 200 High Alert Combat Kills 10 Cogmind --------- Core Integrity 225/700 Matter 210/300 Energy 490/490 System Corruption 7% Temperature Danger (463) Movement Treading (320) Ox2 Location -7/Storage Parts ------- > --- POWER (2) -------- Heavy Ion Engine Heavy Deuterium Engine > --- PROPULSION (5) --- Light Treads > --- UTILITY (4) ------ Cryofiber Web Advanced Visual Processing Unit Heavy Armor Plating > --- WEAPON (2) ------- Minigun Advanced Assault Cannon > --- INVENTORY (5) ---- Cooling System Power Maul Peak State ------------ > --- POWER ------------ Deuterium Engine Nuclear Core > --- PROPULSION ------- Improved Flight Unit Cesium-ion Thruster Cesium-ion Thruster Cesium-ion Thruster Xenon Bombardment Thruster > --- UTILITY ---------- Improved Heat Sink Small Storage Unit Advanced Weight Redist. System Reaction Control System > --- WEAPON ----------- Autogun Autogun > --- INVENTORY -------- Improved Deuterium Engine Heavy Deuterium Engine Cryofiber Web Cooling System Hacking Suite Heavy Laser Minigun Power Maul [Rating: 38] Favorites ----------- Power Light Ion Engine Engine Light Ion Engine Power Core Nuclear Core Propulsion Improved Flight Unit Treads Light Treads Leg Aluminum Leg Wheel Wheel Flight Unit Improved Flight Unit Utility Small Storage Unit Device Heat Sink Storage Small Storage Unit Processor Advanced Visual Processing Unit Hackware Hacking Suite Protection Heavy Armor Plating Weapon Minigun Energy Gun Spread Laser Ballistic Gun Minigun Ballistic Cannon Advanced Assault Cannon Launcher Grenade Launcher Impact Weapon Power Maul Build | -11 -10 -9 -8 -7 -7 ------- Run | Scr Mat Mat Mat Fac Sto Slots Evolved 6 | . . 2 2 2 . Power 1 | . . . 1 . . Propulsion 3 | . . 1 1 1 . Utility 2 | . . 1 . 1 . Weapon . | . . . . . . Parts Attached 62 | . 3 14 11 10 24 Power 17 | . . 6 2 2 7 Engine 15 | . . 6 2 1 6 Core 2 | . . . . 1 1 Reactor . | . . . . . . Propulsion 16 | . 2 1 5 3 5 Treads 2 | . . . . . 2 Leg . | . . . . . . Wheel 1 | . . . . . 1 Hover . | . . . . . . Flight 13 | . 2 1 5 3 2 Utility 13 | . . 4 1 2 6 Device 8 | . . 2 1 2 3 Storage 2 | . . 2 . . . Processor 1 | . . . . . 1 Hackware 1 | . . . . . 1 Protection 1 | . . . . . 1 Artifact . | . . . . . . Weapon 16 | . 1 3 3 3 6 Energy Gun 5 | . . 1 3 1 . Energy Cannon . | . . . . . . Ballistic Gun 7 | . . 2 . 2 3 Ballistic Cannon 1 | . . . . . 1 Launcher 1 | . 1 . . . . Special Weapon . | . . . . . . Impact Weapon 2 | . . . . . 2 Slashing Weapon . | . . . . . . Piercing Weapon . | . . . . . . Special Melee Weapon . | . . . . . . Unidentified Prototypes 3 | . 1 . . 1 1 Parts Lost 31 | . . 5 4 1 21 Power 8 | . . 3 . . 5 Propulsion 14 | . . . 4 1 9 Utility 5 | . . . . . 5 Weapon 4 | . . 2 . . 2 Highest Loss Streak 9 | . . 2 2 1 9 To Critical Strikes 1 | . . . . . 1 Average Slot Usage (%) 75 | . 72 81 83 93 64 Engine 10 | . 14 11 10 7 9 Core 1 | . . . . 6 1 Treads 3 | . . . . . 8 Flight 22 | . 24 33 34 37 7 Device 13 | . . 10 18 22 13 Storage 6 | . 14 11 9 7 2 Processor 1 | . . . . . 4 Energy Gun 2 | . 1 2 9 3 . Ballistic Gun 8 | . 14 14 1 6 6 Naked Turns . | . . . . . . Heaviest Build 44 | 11 11 25 24 29 44 Greatest Support 49 | 20 20 15 24 35 49 Greatest Overweight (x) 2 | . 2 1 1 . 2 Average Overweight (x) . | . . . . . . Largest Inventory Capacity 15 | 8 8 15 8 8 8 Average Capacity 7 | 8 8 8 8 8 5 Most Carried 8 | 6 8 8 8 8 8 Average Carried 5 | 6 7 7 5 6 3 Final Capacity 8 | 8 8 8 8 8 5 Final Carried 8 | 6 7 7 6 8 2 Class Distribution -------------------- 72% | Mutant 21% | Sprinter 3% | Scavenger-Sprinter Dominant Class ---------------- Mutant | -10/Materials Mutant | -9/Materials Sprinter | -8/Materials Sprinter | -7/Factory Mutant | -7/Storage Resources | -11 -10 -9 -8 -7 -7 ----------- Run | Scr Mat Mat Mat Fac Sto Matter Collected 1208 | 200 . 326 61 . 621 Remotely . | . . . . . . Salvage Created 1667 | . . 673 209 . 785 Parts 78 | . . 39 14 . 25 Haulers Intercepted 3 | . . . 2 . 1 Recyclers Shooed . | . . . . . . Parts Field Recycled . | . . . . . . Retrieved Matter . | . . . . . . Parts Self-Destructed . | . . . . . . Prevented . | . . . . . . Kills | -11 -10 -9 -8 -7 -7 ------- Run | Scr Mat Mat Mat Fac Sto Combat Hostiles Destroyed 40 | . . 20 6 . 14 Melee 2 | . . . . . 2 Guns 34 | . . 20 6 . 8 Cannons 2 | . . . . . 2 Classes Destroyed 9 | . . 4 1 . 4 Tunneler 1 | . . 1 . . . Hauler 3 | . . . 2 . 1 Recycler 2 | . . . . . 2 Watcher 1 | . . . . . 1 Swarmer 13 | . . 6 3 . 4 Grunt 19 | . . 13 3 . 3 Brawler 2 | . . 1 . . 1 Sentry 5 | . . . . . 5 Programmer 1 | . . . . . 1 Best Kill Streak 4 | . . 4 4 . 4 Combat Bots Only 4 | . . 4 3 . 4 Max Kills in Single Turn 2 | . . 2 1 . 1 Gunslinging . | . . . . . . Exploded . | . . . . . . Melee 1 | . . . . . 1 Uniques/NPCs Destroyed . | . . . . . . Combat | -11 -10 -9 -8 -7 -7 -------- Run | Scr Mat Mat Mat Fac Sto Damage Taken 3396 | . . 799 470 52 2075 Core 811 | . . 215 121 26 449 Absorbed by Shields . | . . . . . . Regen/Repaired (Parts) 116 | . . . . . 116 Core Remaining (%) 81 | 100 100 46 78 . . Volleys Fired 160 | . 3 67 24 1 65 Largest 2 | . 1 2 2 2 2 Hottest 130 | . 20 85 130 46 73 Shots Fired 240 | . 3 100 37 2 98 Gun 229 | . 3 100 37 2 87 Cannon 11 | . . . . . 11 Launcher . | . . . . . . Special . | . . . . . . Kinetic 194 | . 3 91 . 2 98 Thermal 46 | . . 9 37 . . Explosive . | . . . . . . Electromagnetic . | . . . . . . Robot Hit Streak 19 | . 1 9 8 . 19 Robot Miss Streak 17 | . 2 5 17 2 5 Penetration Max . | . . . . . . Secondary Targets 4 | . . 3 . . 1 Max Gunslinging Chain 1 | . . 1 . . 1 Shots Hit Robots 195 | . 1 68 33 . 93 Core Hits 112 | . 1 42 39 . 30 Critical Kills 2 | . . 1 . . 1 Critical Parts Destroyed 2 | . . . . . 2 Critical Strikes 5 | . . 1 . . 4 Destroy 2 | . . 1 . . 1 Blast 1 | . . . . . 1 Smash 2 | . . . . . 2 Melee Attacks 20 | . . . . . 20 Impact 20 | . . . . . 20 Slashing . | . . . . . . Piercing . | . . . . . . Sneak Attacks 2 | . . . . . 2 Combat Hostiles . | . . . . . . Follow-up Attacks . | . . . . . . Damage Inflicted 3434 | . 6 845 424 . 2159 Guns 2333 | . 6 845 424 . 1058 Cannons 214 | . . . . . 214 Explosions . | . . . . . . Melee 887 | . . . . . 887 Ramming . | . . . . . . Kinetic 1972 | . 6 694 . . 1272 Thermal 575 | . . 151 424 . . Explosive . | . . . . . . Electromagnetic . | . . . . . . Impact 887 | . . . . . 887 Slashing . | . . . . . . Piercing . | . . . . . . Highest Corruption 7 | . . 2 1 . 7 Average Corruption 5 | . . 2 1 . 7 Corruption Purged . | . . . . . . Corruption Blocked . | . . . . . . Effects 11 | . . 2 . . 9 Message Errors 2 | . . . . . 2 Matter Fused 3 | . . . . . 3 Heat Flow Errors 2 | . . . . . 2 Energy Discharges 1 | . . 1 . . . Misfires 1 | . . 1 . . . Weapon Failures 2 | . . . . . 2 Overload Shots . | . . . . . . Overflow Damage 271 | . . . . . 271 Projectiles . | . . . . . . Explosions . | . . . . . . Melee 271 | . . . . . 271 Knockbacks 6 | . . . . . 6 Impact 2 | . . . . . 2 Kinetic 4 | . . . . . 4 Secondary . | . . . . . . Self-Inflicted Damage . | . . . . . . Shots . | . . . . . . Rammed . | . . . . . . Targets Rammed . | . . . . . . Kicked . | . . . . . . Crushed . | . . . . . . Highest Temperature 553 | . 4 294 171 2 553 Average Temperature 84 | . 2 79 56 2 125 Received Heat Transfer 1158 | . . 378 135 . 645 Effects 7 | . . . . . 7 Energy Bleed 1 | . . . . . 1 Damage (major) 5 | . . . . . 5 Damage (core) 1 | . . . . . 1 Siege Activations . | . . . . . . Robots Corrupted . | . . . . . . Combat Hostiles . | . . . . . . Parts Fried 2 | . . . . . 2 Impact Corruptions 11 | . . . . . 11 Robots Melted . | . . . . . . Combat Hostiles . | . . . . . . Parts Melted 1 | . . . 1 . . Heat Transferred 710 | . . 190 520 . . Parts Sabotaged . | . . . . . . Parts Stolen . | . . . . . . Parts Stripped . | . . . . . . Power Chain Reactions . | . . . . . . Missiles Intercepted . | . . . . . . Alert | -11 -10 -9 -8 -7 -7 ------- Run | Scr Mat Mat Mat Fac Sto Peak Influence 415 | . 15 415 349 130 246 Initial 174 | . . 5 174 98 54 Average 171 | . 3 244 246 106 130 Maximum Alert Level 2 | . . 2 1 . 1 Low Security (%) 61 | 100 100 30 30 100 79 Level 1 36 | . . 62 69 . 20 Level 2 1 | . . 6 . . . Level 3 . | . . . . . . Level 4 . | . . . . . . Level 5 . | . . . . . . High Security . | . . . . . . Max Security . | . . . . . . Squads Dispatched 6 | . 1 2 1 1 1 Investigation . | . . . . . . Extermination . | . . . . . . Reinforcement 6 | . 1 2 1 1 1 Assault . | . . . . . . Garrison . | . . . . . . Intercept . | . . . . . . Searches Triggered . | . . . . . . Construction Impeded . | . . . . . . Haulers Reinforced 1 | . . . . . 1 Active Scanning Responses . | . . . . . . Cargo Convoy Interrupts . | . . . . . . Stealth | -11 -10 -9 -8 -7 -7 --------- Run | Scr Mat Mat Mat Fac Sto Distress Signals 6 | . . 3 . . 3 Communications Jammed . | . . . . . . Distress Signals . | . . . . . . Times Spotted 66 | . 2 32 12 3 17 Peak Tracking Total 8 | . 1 8 5 2 5 Tactical Retreats 5 | . . 3 . . 2 Traps | -11 -10 -9 -8 -7 -7 ------- Run | Scr Mat Mat Mat Fac Sto Traps Triggered 3 | . . 1 . 1 1 Indirectly . | . . . . . . Trap Hack Attempts . | . . . . . . Triggered . | . . . . . . Disarmed 5 | . . . 5 . . Reprogrammed 1 | . . 1 . . . Reused . | . . . . . . Traps Extracted . | . . . . . . Installed . | . . . . . . Triggered . | . . . . . . Machines | -11 -10 -9 -8 -7 -7 ---------- Run | Scr Mat Mat Mat Fac Sto Machines Disabled . | . . . . . . Max in Single Turn . | . . . . . . Machines Sabotaged . | . . . . . . Garrisons Compromised . | . . . . . . Overloaded Fab Kills . | . . . . . . Hacking | -11 -10 -9 -8 -7 -7 --------- Run | Scr Mat Mat Mat Fac Sto Machines Accessed 13 | . 1 3 4 3 2 Terminals 12 | . 1 3 4 3 1 Fabricators . | . . . . . . Repair Stations 1 | . . . . . 1 Recycling Units . | . . . . . . Scanalyzers . | . . . . . . Garrison Access . | . . . . . . Total Hacks 27 | . 1 6 11 6 3 Successful 20 | . 1 5 8 3 3 Failed 7 | . . 1 3 3 . Catastrophic 1 | . . . . 1 . Database Lockouts . | . . . . . . Manual 2 | . . . 1 1 . Terminals 25 | . 1 6 11 6 1 Fabricators . | . . . . . . Repair Stations 2 | . . . . . 2 Recycling Units . | . . . . . . Scanalyzers . | . . . . . . Garrison Access . | . . . . . . Terminal Hacks 16 | . 1 5 7 2 1 Record 7 | . . 2 3 2 . Terminal Index 1 | . . 1 . . . Unreport Threat 1 | . . . 1 . . Disarm Traps 2 | . . 1 1 . . Reprogram Traps 1 | . . 1 . . . Dispatch Records 1 | . . . 1 . . Maintenance Status 1 | . . . . . 1 Zone Layout 2 | . 1 . 1 . . Fabricator Hacks . | . . . . . . Repair Station Hacks 2 | . . . . . 2 Scan Component 1 | . . . . . 1 Repair 1 | . . . . . 1 Recycling Unit Hacks . | . . . . . . Scanalyzer . | . . . . . . Garrison Access Hacks . | . . . . . . Unauthorized Hacks 2 | . . . 1 1 . Terminals 2 | . . . 1 1 . Track 1 | . . . . 1 . Botnet 1 | . . . 1 . . Fabricators . | . . . . . . Repair Stations . | . . . . . . Recycling Units . | . . . . . . Scanalyzers . | . . . . . . Garrison Access . | . . . . . . Data Cores Recovered . | . . . . . . Used . | . . . . . . Hacking Detections 9 | . 1 1 3 2 2 Full Trace Events . | . . . . . . Feedback Events . | . . . . . . Feedback Blocked . | . . . . . . Robot Schematics Acquired . | . . . . . . Robots Built . | . . . . . . Authchips . | . . . . . . Time . | . . . . . . Total Robot Build Rating . | . . . . . . Part Schematics Acquired . | . . . . . . Parts Built . | . . . . . . Authchips . | . . . . . . Time . | . . . . . . Total Part Build Rating . | . . . . . . Parts Repaired 1 | . . . . . 1 Time 70 | . . . . . 70 Parts Recycled . | . . . . . . Recycled Matter . | . . . . . . Retrieved Matter . | . . . . . . Retrieved Components . | . . . . . . Parts Scanalyzed . | . . . . . . Part Schematics Acquired . | . . . . . . Parts Damaged . | . . . . . . Bothacking | -11 -10 -9 -8 -7 -7 ------------ Run | Scr Mat Mat Mat Fac Sto Used RIF Installer . | . . . . . . Robots Hacked . | . . . . . . Non-combat . | . . . . . . Combat . | . . . . . . Robot Hacks Applied . | . . . . . . Relay Couplers Released . | . . . . . . Fabnet Peak Effective % . | . . . . . . Robots Rewired . | . . . . . . Allies Hacked . | . . . . . . Hacks Repelled . | . . . . . . Allies | -11 -10 -9 -8 -7 -7 -------- Run | Scr Mat Mat Mat Fac Sto Total Allies . | . . . . . . Largest Group . | . . . . . . Highest-Rated Group . | . . . . . . Highest-Rated Ally . | . . . . . . Total Orders . | . . . . . . Ally Attacks . | . . . . . . Total Damage . | . . . . . . Kills . | . . . . . . Allies Corrupted . | . . . . . . Allies Melted . | . . . . . . Intel | -11 -10 -9 -8 -7 -7 ------- Run | Scr Mat Mat Mat Fac Sto Robot Analysis Total . | . . . . . . Derelict Logs Recovered . | . . . . . . Drone Launches . | . . . . . . Drone Recoveries . | . . . . . . Exploration | -11 -10 -9 -8 -7 -7 ------------- Run | Scr Mat Mat Mat Fac Sto Turns Passed 1794 | 4 89 549 236 175 741 Spaces Moved 1882 | 4 161 582 263 564 308 Core 6 | . . . . . 6 Treads 136 | . . . . . 136 Legs 8 | 4 4 . . . . Wheels 41 | . . . . . 41 Hover . | . . . . . . Flight 1691 | . 157 582 263 564 125 Fastest Speed 24 | 120 37 34 29 25 24 Average Speed 53 | 120 40 51 45 25 122 Slowest Speed 320 | 120 190 104 110 27 320 Overloaded Moves . | . . . . . . Propulsion Burnouts . | . . . . . . Robots Hopped 28 | . . 17 1 8 2 Cave-ins Triggered . | . . . . . . Exploration Rate (%) 27 | 1 34 50 25 22 30 Regions Visited 5 Branch Regions 1 Pre-discovered Areas . | . . . . . . Known Exits Taken . | . . . . . . Unknown Exits Taken 5 | 1 1 1 1 1 . Scrap Searched . | . . . . . . Spaces Dug . | . . . . . . Terrain Destroyed 2 | . . . . . 2 Melee . | . . . . . . Projectile 2 | . . . . . 2 AOE . | . . . . . . Terrain Rammed . | . . . . . . Walls Destroyed . | . . . . . . Machines Disabled . | . . . . . . Actions | -11 -10 -9 -8 -7 -7 --------- Run | Scr Mat Mat Mat Fac Sto Total 2394 | 3 185 733 340 585 548 Wait 226 | . 4 72 34 1 115 Move 1828 | 3 160 552 260 549 304 Hop 21 | . . 12 1 6 2 Pick Up 47 | . 6 11 7 11 12 Fast Attach 5 | . 2 1 . 1 1 Attach 40 | . . 9 9 3 19 Detach 6 | . 1 1 1 . 3 Swap 17 | . 1 4 2 6 4 Drop 24 | . 8 4 2 7 3 Fire 160 | . 3 67 24 1 65 Melee 20 | . . . . . 20 Ram . | . . . . . . Kick . | . . . . . . Crush . | . . . . . . Escape Stasis . | . . . . . . Rewire . | . . . . . . Trap . | . . . . . . Miscellaneous . | . . . . . . Route ------- -11/Scrapyard -10/Materials (discovered 2 exits: *Mat x2) -9/Materials (discovered 2 exits: *Mat / [*Min]) -8/Materials -7/Factory -7/Storage History --------- Turn | Location | Event 1 | -11/Scrapyard | Discovered new exit (range 2) 5 | -11/Scrapyard | Entered Materials 33 | -10/Materials | Discovered new exit (range 15) 85 | -10/Materials | Discovered new exit (range 11) 94 | -10/Materials | Entered another Materials area 94 | -9/Materials | Evolved 2 slots: Propulsion x1, Utility x1 270 | -9/Materials | Discovered new exit (range 14) 304 | -9/Materials | Build established: Mutant 508 | -9/Materials | Core integrity fell below 50% 571 | -9/Materials | Discovered new exit (range 10) 643 | -9/Materials | Entered another Materials area 643 | -8/Materials | Evolved 2 slots: Power x1, Propulsion x1 874 | -8/Materials | Discovered new exit (range 16) 879 | -8/Materials | Entered Factory 879 | -7/Factory | Evolved 2 slots: Propulsion x1, Utility x1 1051 | -7/Factory | Discovered new exit (range 8) 1054 | -7/Factory | Entered Storage 1207 | -7/Storage | Lost 9 parts (2p5n2u) 1319 | -7/Storage | Lost 3 parts (1p1n1u) 1384 | -7/Storage | Lost 6 parts (1p2n1u2w) 1461 | -7/Storage | Repaired Hvy. Deuterium Engine 1556 | -7/Storage | Core integrity fell below 50% 1795 | -7/Storage | Self-destructed Last Messages --------------- 01777_ K-01 Serf cleans the Terminal. 01779_ Y-54 Guardian destroyed. 01779_ U-05 Engineer builds a Wall. 01780_ System corrupted: Heat flow error (+278). 01781_ Power failure averted by Cryofiber Web. 01784_ G-47 Trooper destroyed. 01787_ Energy bleed averted by Cryofiber Web. 01787_ W-25 Informer suffers critical hit (Destroy). 01787_ W-25 Informer destroyed. 01788_ Overheating: Energy bleed (-117). 01790_ Internal heat damage averted by Cryofiber Web. 01790_ Overheating: Cryofiber Web damaged (-18). 01791_ Overheating: Core damaged (-91). 01792_ Power failure averted by Cryofiber Web. 01792_ Overheating: Minigun damaged (-2). 01792_ Overheating: Lgt. Treads damaged (-2). 01792_ Internal heat damage averted by Cryofiber Web. 01792_ Overheating: Hvy. Armor Plating damaged (-58). 01793_ Overheating: Hvy. Armor Plating damaged (-12). 01793_ R-06 Scavenger collects Particle Gun. Map ----- +----------------------------------------------------+ | | | | | | | | | | | | | | | | | | | | | | | | | | | | | | | | | | | | | | | | | | | ???????????????????###########???????????????????? | | ???????????????????# =[[#???????????????????? | | ???????????????????# =[ #???????????????????? | | ???????????????????# %%%*][ ##??????????????????? | | ???????????????????# %@ #??????????????????? | | ???????????????????#####r######??????????????????? | | ??????????????????????#%r%############???????????? | | ???????????????###????#% ??? | | ????????????#### ###### #######???????????? | | ????????????# # ^""" ########??????????? | | ????????????# #" """ # #??????????? | | ????????????# #" """ # #??????????? | | ?????###????# #" / #??????????? | | ????## ###### #T # #??????????? | | ????# ]! # """ """ #" ########??????????? | | ????# # """ """ #" +??????????? | | ????# # """ """ #" !! ###????????? | | ????# #####+##### !! #????????? | | ????# #??# ! +????????? | | #######+######## %########T##### #????????? | | = %#??????###???? #????????? | | ################ % #????????????? #????????? | | ??????????###??# #?????????????? ??????? | | ???????????????# #???????????????###+#####?????? | | ???????????????# #?????????????????????????????? | | ??????#####????# #?????????????????????????????? | | ??????#"""#????# #?????????????????????????????? | | ??????#"Y"#????# #?????????????????????????????? | | ????###" "###### #?????????????????????????????? | +----------------------------------------------------+ Best States ------------- Heat Dissipation 56 Energy Generation 29 Energy Capacity 500 Matter Stores 300 Matter Capacity 300 Sight Range 20 Terrain Scan Density 10 Additional Mass Support 9 Base Temperature (-) 100 Armor Coverage 600 Evasion (%) 73 Recoil Reduction 2 Offensive Hacking 10 Item Schematics ----------------- None Robot Schematics ------------------ None Fabricated ------------ Nothing Alien Tech Used ----------------- None Achievements -------------- Can't Catch Me Cya! Challenges ------------ None Game ------ Seed AerolevLargeTriangulator Manual? 0 Play Time 00:49:45 Cumulative 29.8 hours Start 2022.10.28 @ 19:55:26 End 2022.10.28 @ 22:58:08 Sessions 3 Manual Loads 0 Difficulty Rogue Special Mode None Game No. 49 Rogue 49 Adventurer 0 Explorer 0 Win Type - Total 0 Types 0/0/0/0/0/0/0/0/0 Lore% 18 Gallery% 31 Achievement% 26 Wizard Run 0 Options --------- ASCII 0 Keyboard 0 Movement Mouse Keybinds 0 Fullscreen 1 Font 18/Terminus Map View 76x50 Tactical HUD 1 Map Filters NONE Filters NONE Steam 1 RUN: 499bcd3d-083d-48a9-8cf1-135590e2d208